 Dungeon Crawl Stone Soup version 0.31-a0-259-g771a54ca4b (webtiles) character file.

Game seed: 952866337374968646

119 qw the Shooter (level 4, 0/36 HPs)
             Began as a Minotaur Hexslinger on July 13, 2023.
             Slain by a gnoll
             ... wielding a +0 halberd
              (8 damage)
             ... on level 3 of the Dungeon.
             The game lasted 00:00:42 (2122 turns).

qw the Shooter (Minotaur Hexslinger)                Turns: 2122, Time: 00:00:42

Health: 0/36       AC:  5    Str: 12    XL:     4   Next: 73%
Magic:  4/4        EV: 11    Int: 10    God:
Gold:   87         SH:  0    Dex: 15    Spells: 4/5 levels left

rFire   . . .        Y - +1 sling
rCold   . . .        (no shield)
rNeg    . . .        k - +0 ring mail
rPois   .            (helmet restricted)
rElec   .            (no cloak)
rCorr   .            (no gloves)
SInv    .            (no boots)
Will    .....        (no amulet)
Stlth   +            (no ring)
HPRegen 0.26/turn    (no ring)
MPRegen 0.09/turn

%: no passive effects
@: no status effects
A: horns 2, retaliatory headbutt
a: no special abilities


You were on level 3 of the Dungeon.
You visited 1 branch of the dungeon, and saw 3 of its levels.

You collected 137 gold pieces.
You spent 50 gold pieces at shops.


Innate Abilities, Weirdness & Mutations

You have a pair of horns on your head.
You reflexively headbutt those who attack you in melee.


   Skills:
 + Level 2.0 Fighting
 - Level 5.1 Ranged Weapons
 - Level 1.3 Armour
 - Level 2.1 Dodging
 - Level 1.0 Spellcasting
 - Level 2.0 Hexes


You had 4 spell levels left.
You knew the following spells:

 Your Spells              Type           Power      Damage    Failure   Level
a - Slow                  Hex            16%        N/A       32%         1

Your spell library contained the following spells:

 Spells                   Type           Power      Damage    Failure   Level
 Inner Flame              Hex/Fire       2%         N/A       83%         3
 Portal Projectile        Hex/Tloc       4%         N/A       83%         3
 Cause Fear               Hex            2%         N/A       97%         4

Inventory:

Hand Weapons
 Y - a +1 sling (weapon)
Armour
 k - a +0 ring mail (worn)
Jewellery
 h - a ring of ice
Scrolls
 a - a scroll of fear {unknown}
Potions
 b - a potion of haste {unknown}
 c - a potion of enlightenment {unknown}
 d - a potion of berserk rage {unknown}
 f - a potion of lignification {unknown}
 g - a potion of attraction {unknown}
 i - a potion of might {unknown}
 j - 2 potions of curing {unknown}
 l - a potion of heal wounds {unknown}

Dungeon Overview and Level Annotations

Branches:
Dungeon (3/15)

Altars:

Shops:
D:1 *!   D:2 *


Message History

The gnoll misses you. You furiously retaliate!
You headbutt the gnoll. You shoot a sling bullet.
The sling bullet hits the gnoll.
The gnoll is severely wounded.
You hear a shout!
The gnoll hits you with a +0 flail.
You shoot a sling bullet.
The sling bullet barely misses the gnoll.
The sling bullet hits the gnoll.
The gnoll is moderately wounded.
The gnoll misses you. x2; You furiously retaliate!
You headbutt the gnoll. The gnoll completely misses you.
A gnoll comes into view. It is wielding a +0 flail.
You shoot a sling bullet. The sling bullet hits the gnoll.
You kill the gnoll!
You shoot a sling bullet.
The sling bullet completely misses the gnoll.
The gnoll hits you with a +0 whip.
You shoot a sling bullet. The sling bullet hits the gnoll.
The gnoll is heavily wounded.
The gnoll barely misses you. The gnoll hits you but does no damage.
You shoot a sling bullet.
The sling bullet closely misses the gnoll.
The sling bullet hits the gnoll.
The gnoll is lightly wounded.
The gnoll hits you from afar with a +0 halberd.
The gnoll hits you but does no damage.
The gnoll hits you from afar with a +0 halberd!
You shoot a sling bullet.
The sling bullet hits the gnoll but does no damage.
The gnoll is lightly wounded.
The gnoll closely misses you. You furiously retaliate!
You headbutt the gnoll! The gnoll closely misses you.
You shoot a sling bullet. The sling bullet hits the gnoll.
You kill the gnoll!
The gnoll barely misses you.
Your Ranged Weapons skill increases to level 5!
You shoot a sling bullet. The sling bullet hits the gnoll.
The gnoll is severely wounded.
The gnoll hits you from afar with a +0 halberd!
You die...

# #. #. .. . ####g####
#.#..).g@.#
##.#.##.##.#
#..........#
#..#..####.# #
#..........##....
########.....#........#
......#####.###.#.###.#
....#.# #.## ##..#
%##.#.# ##.###.#.#


You could see 2 gnolls.

Vanquished Creatures
  2 gnolls (D:3)
  5 adders
  2 worms (D:2)
  2 dart slugs
  An orc (D:3)
  7 endoplasms
  2 goblins
  2 hobgoblins (D:2)
  4 jackals (D:2)
  3 kobolds
  2 quokkas (D:1)
  3 ball pythons
  5 frilled lizards
  8 rats
48 creatures vanquished.

Notes
Turn   | Place    | Note
-------+----------+-------------------------------------------
     0 | D:1      | qw the Minotaur Hexslinger began the quest for the Orb.
     0 | D:1      | Reached XP level 1. HP: 16/16 MP: 1/1
     0 | D:1      | 0 ||| qw: Version: 0.3-a-52-g30416fa
     0 | D:1      | 0 ||| qw: Game counter: 6921
     0 | D:1      | 0 ||| qw: Melee chars always use a shield: true
     0 | D:1      | 0 ||| qw: God list: Okawaru
     0 | D:1      | 0 ||| qw: Allow faded altars: false
     0 | D:1      | 0 ||| qw: Do Orc after clearing Dungeon:15 true
     0 | D:1      | 0 ||| qw: Do second Lair branch before Depths: true
     0 | D:1      | 0 ||| qw: Lair rune preference: random
     0 | D:1      | 0 ||| qw: Goals: Normal
     0 | D:1      | 0 ||| PLANNING D:1-11
   361 | D:1      | Found a faded altar of an unknown god.
   369 | D:1      | Reached skill level 3 in Ranged Weapons
   369 | D:1      | Reached XP level 2. HP: 23/23 MP: 2/2
   490 | D:1      | Found Vaihaoga's Distillery.
   501 | D:1      | 501 ||| SHOPLISTING potion of haste (110 gold, have 22).
   501 | D:1      | 501 ||| SHOPLISTING potion of heal wounds (55 gold, have
                  | 22).
   501 | D:1      | 501 ||| SHOPLISTING potion of resistance (110 gold, have
                  | 22).
   713 | D:1      | Found Noasiput's Assorted Antiques.
   716 | D:1      | 716 ||| SHOPLISTING bronze ring (90 gold, have 32).
   716 | D:1      | 716 ||| BUYING lumpy puce potion (16 gold).
   716 | D:1      | Bought a lumpy puce potion for 16 gold pieces
   716 | D:1      | 716 ||| SHOPLISTING scroll labelled NESAEMOWKY (18 gold,
                  | have 16).
   716 | D:1      | 716 ||| SHOPLISTING scroll labelled WAVEDE QILIMM (18 gold,
                  | have 16).
   716 | D:1      | 716 ||| BUYING smoky inky potion (16 gold).
   716 | D:1      | Bought a smoky inky potion for 16 gold pieces
   716 | D:1      | 716 ||| SHOPLISTING viscous orange potion (16 gold, have
                  | 0).
   974 | D:1      | 974 ||| UPGRADING to +0 leather armour.
   984 | D:1      | 984 ||| DROPPING +0 robe.
   985 | D:1      | 985 ||| READING scroll labelled IMATIE QI UHO.
   986 | D:1      | 986 ||| READING scroll labelled WAVEDE QILIMM.
   987 | D:1      | 987 ||| DROPPING scroll of poison.
  1020 | D:2      | Found Piofehieso's Assorted Antiques.
  1028 | D:2      | 1028 ||| SHOPLISTING bone wand (72 gold, have 34).
  1028 | D:2      | 1028 ||| SHOPLISTING glowing orcbow (117 gold, have 34).
  1028 | D:2      | 1028 ||| SHOPLISTING ring mail (72 gold, have 34).
  1028 | D:2      | 1028 ||| BUYING scroll labelled PODOSOPLE (18 gold).
  1028 | D:2      | Bought a scroll labelled PODOSOPLE for 18 gold pieces
  1028 | D:2      | 1028 ||| SHOPLISTING square steel amulet (90 gold, have
                  | 16).
  1269 | D:2      | Reached XP level 3. HP: 18/29 MP: 3/3
  1452 | D:2      | Reached skill level 4 in Ranged Weapons
  1506 | D:2      | HP: 7/29 [worm (3)]
  1754 | D:2      | Reached XP level 4. HP: 36/36 MP: 4/4
  1811 | D:2      | 1811 ||| UPGRADING to +0 ring mail.
  1821 | D:2      | 1821 ||| DROPPING +0 leather armour.
  1822 | D:2      | 1822 ||| READING scroll labelled PODOSOPLE.
  1823 | D:2      | 1823 ||| READING scroll labelled FOREAR JANEOTU.
  1996 | D:3      | Reached skill level 1 in Armour
  2119 | D:3      | HP: 7/36 [gnoll/+0 halberd (14)]
  2122 | D:3      | Reached skill level 5 in Ranged Weapons
  2122 | D:3      | Slain by a gnoll

Levels and vault maps discovered:
D:1:      psy_arrival_spokes, layout_loops_corners, serial_forest,
          infiniplex_forest_clump_curved, infiniplex_forest_straight_3,
          infiniplex_forest_clump_curved, infiniplex_forest_diagonal,
          infiniplex_forest_lined_3_way, infiniplex_forest_lined_4_way,
          infiniplex_forest_clump_small, infiniplex_forest_fountain,
          serial_shops, shop, shop, chequers_ecumenical_altar_island
D:2:      layout_basic, serial_shops, shop
D:3:      layout_loops_cross

Skill      XL: |  1  2  3  4 |
---------------+-------------+-----
Ranged Weapons | 3 4 5 |  5.1
Fighting       | 2 |  2.0
Armour         | 1 |  1.3
Dodging        | |  2.1
Spellcasting   | |  1.0
Hexes          | |  2.0

Action                     |  1- 3 |  4- 6 || total
---------------------------+-------+-------++-------
   Fire: Sling             |   113 |    41 ||   154
    Use: Scroll            |     2 |     2 ||     4
 Armour: Leather armour    |     5 |       ||     5
         Ring mail         |       |    10 ||    10
  Dodge: Dodged            |    31 |    13 ||    44

Table legend:
 A = Non-vault XP
 B = Vault XP
 C = Vault XP percentage of total XP
 D = Non-vault monster count
 E = Vault monster count
 F = Vault count percentage of total count
                 A         B        C        D         E       F
            +---------+---------+-------+---------+---------+-------
      Total |     170 |       0 |   0.0 |      48 |       0 |   0.0
            +---------+---------+-------+---------+---------+-------
        D:1 |      25 |       0 |   0.0 |      15 |       0 |   0.0
        D:2 |      74 |       0 |   0.0 |      20 |       0 |   0.0
        D:3 |      71 |       0 |   0.0 |      13 |       0 |   0.0
            +---------+---------+-------+---------+---------+-------
